| TOP OF THE 1ST |
|
University of North Carolina at Chapel Hill Tar Heels batting - Pitching for Fresno State University Bulldogs : LHP Nick Chappell
|
|
Pitching: LHP Nick Chappell
|
|
|
Batting: SHB Ryan Marsh
|
0-0: Foul Ball, location: 2F 0-1: SOLO HOME RUN (Flyball, 78XD, EV 96.9 MPH), Distance : 399 ft
|
|
Batting: RHB Jonathan Winkler
|
0-0: Foul Ball, location: 2F 0-1: SOLO HOME RUN (Flyball, 78XD, EV 98.8 MPH), Distance : 406 ft
|
|
Batting: RHB Jeremy Rollins
|
0-0: Ball 1-0: Ground out 5-3 (Groundball, 56, EV 109.4 MPH)
|
|
Batting: RHB Brandon Wilson
|
0-0: Ball 1-0: Ball 2-0: Called Strike 2-1: Ball 3-1: Foul Ball, location: 2F 3-2: Foul Ball, location: 2F 3-2: Base on Balls
|
|
Batting: RHB Paul Holland
|
0-0: Ball 1-0: Called Strike 1-1: Foul Ball, location: 2F 1-2: Ball 2-2: Ball 3-2: Fielders Choice at 2nd, 4-6 (Groundball, 4, EV 91.9 MPH)
|
|
Batting: SHB Tom Auld
|
0-0: Called Strike 0-1: Ball 1-1: Called Strike 1-2: Foul Ball, location: 2F 1-2: Ground out 4-3 (Groundball, 34, EV 81.2 MPH)
|
| Top of the 1st over - 2 runs, 2 hits, 0 errors, 1 left on base; University of North Carolina at Chapel Hill 2 - Fresno State University 0 |
| BOTTOM OF THE 1ST |
|
Fresno State University Bulldogs batting - Pitching for University of North Carolina at Chapel Hill Tar Heels : LHP Gabe Zarco
|
|
Pitching: LHP Gabe Zarco
|
|
|
Batting: RHB Jaquan Brown
|
0-0: Foul Ball, location: 2F 0-1: Ground out 5-3 (Groundball, 56, EV 102.5 MPH)
|
|
Batting: RHB Dou-wan Pan
|
0-0: Ball 1-0: Foul Ball, location: 2F 1-1: Ball 2-1: Ball 3-1: DOUBLE (Line Drive, 9LS, EV 103.8 MPH)
|
|
Batting: RHB John Carpenter
|
0-0: Ball 1-0: Ball 2-0: Called Strike 2-1: Ground out 5-3 (Groundball, 56S, EV 81.9 MPH)
|
|
Batting: LHB Chris Viehman
|
0-0: Ground out 3-1 (Groundball, 34S, EV 81.9 MPH)
|
| Bottom of the 1st over - 0 runs, 1 hit, 0 errors, 1 left on base; University of North Carolina at Chapel Hill 2 - Fresno State University 0 |
| TOP OF THE 2ND |
|
University of North Carolina at Chapel Hill Tar Heels batting - Pitching for Fresno State University Bulldogs : LHP Nick Chappell
|
|
Batting: SHB Rob Haney
|
0-0: Ball 1-0: Ground out 4-3 (Groundball, 4, EV 95.6 MPH)
|
|
Batting: RHB C.J. Fleet
|
0-0: Ball 1-0: Ball 2-0: Ball 3-0: Called Strike 3-1: SINGLE (Line Drive, 7S, EV 98.8 MPH)
|
|
Batting: RHB James Bickel
|
0-0: Called Strike 0-1: Ball 1-1: Foul Ball, location: 2F 1-2: Strikes out swinging
|
|
Batting: SHB Ryan Marsh
|
0-0: Ball 1-0: Fly out, F8 (Flyball, 78D, EV 82.5 MPH)
|
| Top of the 2nd over - 0 runs, 1 hit, 0 errors, 1 left on base; University of North Carolina at Chapel Hill 2 - Fresno State University 0 |
| BOTTOM OF THE 2ND |
|
Fresno State University Bulldogs batting - Pitching for University of North Carolina at Chapel Hill Tar Heels : LHP Gabe Zarco
|
|
Batting: LHB Kevin Feldman
|
0-0: Called Strike 0-1: Swinging Strike 0-2: Strikes out swinging
|
|
Batting: RHB Homer Petropoulos
|
0-0: Ball 1-0: Called Strike 1-1: Ground out 6-3 (Groundball, 6, EV 108.8 MPH)
|
|
Batting: RHB Javier Brizuela
|
0-0: Ground out 4-3 (Groundball, 4, EV 85.0 MPH)
|
| Bottom of the 2nd over - 0 runs, 0 hits, 0 errors, 0 left on base; University of North Carolina at Chapel Hill 2 - Fresno State University 0 |
| TOP OF THE 3RD |
|
University of North Carolina at Chapel Hill Tar Heels batting - Pitching for Fresno State University Bulldogs : LHP Nick Chappell
|
|
Batting: RHB Jonathan Winkler
|
0-0: Ball 1-0: Called Strike 1-1: Ground out 6-3 (Groundball, 6, EV 105.6 MPH)
|
|
Batting: RHB Jeremy Rollins
|
0-0: Ball 1-0: Called Strike 1-1: Swinging Strike 1-2: Foul Ball, location: 2F 1-2: Foul Ball, location: 2F 1-2: Ball 2-2: Strikes out looking
|
|
Batting: RHB Brandon Wilson
|
0-0: Ball 1-0: Foul Ball, location: 2F 1-1: Foul Ball, location: 2F 1-2: Foul Ball, location: 2F 1-2: Ball 2-2: Ground out 5-3 (Groundball, 5, EV 103.8 MPH)
|
| Top of the 3rd over - 0 runs, 0 hits, 0 errors, 0 left on base; University of North Carolina at Chapel Hill 2 - Fresno State University 0 |
| BOTTOM OF THE 3RD |
|
Fresno State University Bulldogs batting - Pitching for University of North Carolina at Chapel Hill Tar Heels : LHP Gabe Zarco
|
|
Batting: RHB Murilo Cunha
|
0-0: Called Strike 0-1: Foul Ball, location: 2F 0-2: Ball 1-2: Ball 2-2: Foul Ball, location: 2F 2-2: Ground out 6-3 (Groundball, 56, EV 89.4 MPH)
|
|
Batting: RHB Justin Szymczyk
|
0-0: Ball 1-0: Swinging Strike 1-1: Foul Ball, location: 2F 1-2: Strikes out swinging
|
|
Batting: RHB Jaquan Brown
|
0-0: Ball 1-0: Ball 2-0: Called Strike 2-1: Ground out 6-3 (Groundball, 6, EV 90.6 MPH)
|
| Bottom of the 3rd over - 0 runs, 0 hits, 0 errors, 0 left on base; University of North Carolina at Chapel Hill 2 - Fresno State University 0 |
| TOP OF THE 4TH |
|
University of North Carolina at Chapel Hill Tar Heels batting - Pitching for Fresno State University Bulldogs : LHP Nick Chappell
|
|
Batting: RHB Paul Holland
|
0-0: Fly out, F6 (Line Drive, 6, EV 61.2 MPH)
|
|
Batting: SHB Tom Auld
|
0-0: Called Strike 0-1: Fly out, F9 (Flyball, 9, EV 95.0 MPH)
|
|
Batting: SHB Rob Haney
|
0-0: Foul Ball, location: 2F 0-1: Fly out, F9 (Flyball, 89M, EV 93.1 MPH)
|
| Top of the 4th over - 0 runs, 0 hits, 0 errors, 0 left on base; University of North Carolina at Chapel Hill 2 - Fresno State University 0 |
| BOTTOM OF THE 4TH |
|
Fresno State University Bulldogs batting - Pitching for University of North Carolina at Chapel Hill Tar Heels : LHP Gabe Zarco
|
|
Batting: RHB Dou-wan Pan
|
0-0: SOLO HOME RUN (Flyball, 9D, EV 95.0 MPH), Distance : 379 ft
|
|
Batting: RHB John Carpenter
|
0-0: Fly out, F8 (Line Drive, 8LM, EV 95.6 MPH)
|
|
Batting: LHB Chris Viehman
|
0-0: Foul Ball, location: 2F 0-1: Swinging Strike 0-2: Strikes out swinging
|
|
Batting: LHB Kevin Feldman
|
0-0: Ball 1-0: Foul Ball, location: 2F 1-1: Swinging Strike 1-2: Foul Ball, location: 2F 1-2: Fly out, F9 (Line Drive, 9S, EV 98.8 MPH)
|
| Bottom of the 4th over - 1 run, 1 hit, 0 errors, 0 left on base; University of North Carolina at Chapel Hill 2 - Fresno State University 1 |
| TOP OF THE 5TH |
|
University of North Carolina at Chapel Hill Tar Heels batting - Pitching for Fresno State University Bulldogs : LHP Nick Chappell
|
|
Batting: RHB C.J. Fleet
|
0-0: Called Strike 0-1: Called Strike 0-2: Foul Ball, location: 2F 0-2: Fly out, F8 (Flyball, 8LM, EV 81.2 MPH)
|
|
Batting: RHB James Bickel
|
0-0: Foul Ball, location: 2F 0-1: Fly out, F7 (Flyball, 78M, EV 88.8 MPH)
|
|
Batting: SHB Ryan Marsh
|
0-0: Ball 1-0: Called Strike 1-1: Ball 2-1: Swinging Strike 2-2: SINGLE (Line Drive, 8LS, EV 87.5 MPH)
|
|
Batting: RHB Jonathan Winkler
|
0-0: SINGLE (Line Drive, 4MD, EV 100.0 MPH) Ryan Marsh to second Runner from 2nd tries for 3rd, SAFE, no throw by CF
|
|
Batting: RHB Jeremy Rollins
|
0-0: Called Strike 0-1: Ball 1-1: Ground out 1-3 (Groundball, 15S, EV 60.6 MPH)
|
| Top of the 5th over - 0 runs, 2 hits, 0 errors, 2 left on base; University of North Carolina at Chapel Hill 2 - Fresno State University 1 |
| BOTTOM OF THE 5TH |
|
Fresno State University Bulldogs batting - Pitching for University of North Carolina at Chapel Hill Tar Heels : LHP Gabe Zarco
|
|
Batting: RHB Homer Petropoulos
|
0-0: Ball 1-0: SOLO HOME RUN (Flyball, 78XD, EV 111.2 MPH), Distance : 439 ft
|
|
Batting: RHB Javier Brizuela
|
0-0: SINGLE (Groundball, 25, EV 66.9 MPH) (infield hit)
|
|
Batting: RHB Murilo Cunha
|
0-0: Called Strike Javier Brizuela steals 2nd, throwing error, E2 Javier Brizuela to third 0-1: Ball 1-1: Reached on error, E5 (Groundball, 56, EV 85.0 MPH) Javier Brizuela scores
|
|
Batting: RHB Justin Szymczyk
|
0-0: Ball 1-0: Reached on error, E6 (Groundball, 6, EV 108.8 MPH) Murilo Cunha to second
|
|
Batting: RHB Jaquan Brown
|
0-0: Called Strike 0-1: Ball 1-1: Ball 2-1: Ball 3-1: Swinging Strike 3-2: Foul Ball, location: 2F 3-2: Base on Balls Murilo Cunha to third Justin Szymczyk to second
|
|
Batting: RHB Dou-wan Pan
|
0-0: Called Strike 0-1: Ball 1-1: Ball 2-1: Foul Ball, location: 2F 2-2: SINGLE (Line Drive, 89S, EV 110.6 MPH) Murilo Cunha scores Justin Szymczyk to third Jaquan Brown to second
|
|
Batting: RHB John Carpenter
|
0-0: Swinging Strike 0-1: Ball 1-1: Foul Ball, location: 2F 1-2: Ball 2-2: Ball 3-2: Base on Balls Justin Szymczyk scores Jaquan Brown to third Dou-wan Pan to second
|
|
Pitching: RHP Alex Aldaya
|
|
|
Batting: LHB Chris Viehman
|
0-0: Called Strike 0-1: Fly out, F7 (Line Drive, 7S, EV 93.1 MPH)
|
|
Batting: LHB Kevin Feldman
|
0-0: Called Strike 0-1: Ball 1-1: Called Strike 1-2: Strikes out swinging
|
|
Batting: RHB Homer Petropoulos
|
0-0: Ball 1-0: Ground out 6-3 (Groundball, 6S, EV 61.2 MPH)
|
| Bottom of the 5th over - 4 runs, 3 hits, 3 errors, 3 left on base; University of North Carolina at Chapel Hill 2 - Fresno State University 5 |
| TOP OF THE 6TH |
|
University of North Carolina at Chapel Hill Tar Heels batting - Pitching for Fresno State University Bulldogs : LHP Nick Chappell
|
|
Batting: RHB Brandon Wilson
|
0-0: Ball 1-0: Swinging Strike 1-1: Ball 2-1: Foul Ball, location: 2F 2-2: Foul Ball, location: 2F 2-2: Ball 3-2: SINGLE (Groundball, 56D, EV 105.6 MPH)
|
|
Pitching: LHP Craig Courcha
|
|
|
Batting: RHB Paul Holland
|
0-0: Ball 1-0: Ball 2-0: Ball 3-0: Base on Balls Brandon Wilson to second
|
|
Batting: SHB Tom Auld
|
0-0: Fielders Choice at 2nd, 3-6 (Groundball, 34, EV 81.9 MPH) Brandon Wilson to third
|
|
Batting: SHB Rob Haney
|
0-0: Called Strike 0-1: Ball 1-1: Ball 2-1: SINGLE (Line Drive, 78S, EV 90.6 MPH) Brandon Wilson scores Tom Auld to second Runner from 2nd tries for 3rd, SAFE, no throw by LF
|
|
Batting: RHB C.J. Fleet
|
0-0: Called Strike 0-1: Called Strike Rob Haney is caught stealing 2nd base 2-4 0-2: Ball 1-2: Foul Ball, location: 2F 1-2: Ball 2-2: Strikes out swinging
|
| Top of the 6th over - 1 run, 2 hits, 0 errors, 1 left on base; University of North Carolina at Chapel Hill 3 - Fresno State University 5 |
| BOTTOM OF THE 6TH |
|
Fresno State University Bulldogs batting - Pitching for University of North Carolina at Chapel Hill Tar Heels : RHP Alex Aldaya
|
|
Batting: RHB Javier Brizuela
|
0-0: Called Strike 0-1: Ground out 6-3 (Groundball, 6, EV 92.5 MPH)
|
|
Batting: RHB Murilo Cunha
|
0-0: Ball 1-0: Called Strike 1-1: Fly out, F8 (Flyball, 8RD, EV 91.2 MPH)
|
|
Batting: RHB Justin Szymczyk
|
0-0: Ball 1-0: Ball 2-0: Ball 3-0: Base on Balls
|
|
Batting: RHB Jaquan Brown
|
0-0: Ball Justin Szymczyk steals 2nd base 1-0: Ball 2-0: Ball 3-0: Called Strike 3-1: Swinging Strike 3-2: Base on Balls
|
|
Batting: RHB Dou-wan Pan
|
0-0: Foul Ball, location: 2F 0-1: Ball 1-1: Ball 2-1: Foul Ball, location: 2F 2-2: Fly out, F8 (Flyball, 8LS, EV 79.4 MPH)
|
| Bottom of the 6th over - 0 runs, 0 hits, 0 errors, 2 left on base; University of North Carolina at Chapel Hill 3 - Fresno State University 5 |
| TOP OF THE 7TH |
|
University of North Carolina at Chapel Hill Tar Heels batting - Pitching for Fresno State University Bulldogs : LHP Craig Courcha
|
|
Batting: RHB James Bickel
|
0-0: Ball 1-0: Ball 2-0: Ball 3-0: Called Strike 3-1: Base on Balls
|
|
Batting: SHB Ryan Marsh
|
0-0: Called Strike 0-1: Called Strike 0-2: Ball 1-2: Ball 2-2: Foul Ball, location: 2F 2-2: Ball 3-2: Strikes out swinging
|
|
Batting: RHB Jonathan Winkler
|
0-0: Foul Ball, location: 2F 0-1: Called Strike 0-2: Ball 1-2: Strikes out swinging
|
|
Pitching: LHP Dan Luckhardt
|
|
|
Batting: RHB Jeremy Rollins
|
0-0: Ball 1-0: Called Strike 1-1: Foul Ball, location: 2F 1-2: Fly out, F7 (Flyball, 78D, EV 105.6 MPH)
|
| Top of the 7th over - 0 runs, 0 hits, 0 errors, 1 left on base; University of North Carolina at Chapel Hill 3 - Fresno State University 5 |
| BOTTOM OF THE 7TH |
|
Fresno State University Bulldogs batting - Pitching for University of North Carolina at Chapel Hill Tar Heels : RHP Alex Aldaya
|
|
Pitching: RHP Jason Kaelber
|
|
|
Batting: RHB John Carpenter
|
0-0: Called Strike 0-1: Ball 1-1: Foul Ball, location: 2F 1-2: Ball 2-2: Foul Ball, location: 2F 2-2: Fly out, F9 (Flyball, 89XD, EV 103.1 MPH)
|
|
Batting: LHB Chris Viehman
|
0-0: DOUBLE (Line Drive, 8RD, EV 106.9 MPH)
|
|
Batting: LHB Kevin Feldman
|
0-0: Ball Balk! Chris Viehman to third 1-0: Called Strike 1-1: Called Strike 1-2: Strikes out swinging
|
|
Batting: RHB Homer Petropoulos
|
0-0: Ground out 4-3 (Groundball, 34, EV 109.4 MPH)
|
| Bottom of the 7th over - 0 runs, 1 hit, 0 errors, 1 left on base; University of North Carolina at Chapel Hill 3 - Fresno State University 5 |
| TOP OF THE 8TH |
|
University of North Carolina at Chapel Hill Tar Heels batting - Pitching for Fresno State University Bulldogs : LHP Dan Luckhardt
|
|
Pitching: RHP Paul Holder
|
|
|
Batting: RHB Brandon Wilson
|
0-0: SINGLE (Flyball, 8LS, EV 88.8 MPH)
|
|
Batting: RHB Juan Mejia
|
0-0: Ball 1-0: Ball 2-0: Called Strike 2-1: Ball 3-1: Base on Balls Brandon Wilson to second
|
|
Pitching: LHP Randy Latendresse
|
|
|
Pinch Hitting: LHB Tim Wilton
|
0-0: Called Strike 0-1: Fielders Choice at 2nd, 5-4 (Groundball, 56, EV 98.8 MPH) Brandon Wilson to third
|
|
Batting: SHB Rob Haney
|
0-0: Swinging Strike 0-1: Called Strike 0-2: Ball 1-2: Foul Ball, location: 2F 1-2: Strikes out swinging
|
|
Batting: RHB C.J. Fleet
|
0-0: Foul Ball, location: 2F 0-1: Swinging Strike 0-2: Ball 1-2: Foul Ball, location: 2F 1-2: Ball 2-2: Strikes out swinging
|
| Top of the 8th over - 0 runs, 1 hit, 0 errors, 2 left on base; University of North Carolina at Chapel Hill 3 - Fresno State University 5 |
| BOTTOM OF THE 8TH |
|
Fresno State University Bulldogs batting - Pitching for University of North Carolina at Chapel Hill Tar Heels : RHP Jason Kaelber
|
|
Pitching: RHP Ted Hurley
|
|
|
Now in LF: Jonathan Winkler
|
|
|
Now in CF: Jeff Parlo
|
|
|
Batting: RHB Javier Brizuela
|
0-0: Foul Ball, location: 2F 0-1: Called Strike 0-2: Foul Ball, location: 2F 0-2: Ball 1-2: Ball 2-2: Strikes out swinging
|
|
Batting: RHB Murilo Cunha
|
0-0: Ball 1-0: Fly out, F8 (Line Drive, 8RM, EV 101.2 MPH)
|
|
Batting: RHB Justin Szymczyk
|
0-0: Foul Ball, location: 2F 0-1: Swinging Strike 0-2: Ball 1-2: Ball 2-2: SINGLE (Line Drive, 56D, EV 103.1 MPH)
|
|
Batting: RHB Jaquan Brown
|
0-0: Ball 1-0: Ball 2-0: Called Strike 2-1: Hit by Pitch Justin Szymczyk to second
|
|
Batting: RHB Dou-wan Pan
|
0-0: Fielders Choice at 2nd, 5-4 (Groundball, 5, EV 98.8 MPH)
|
| Bottom of the 8th over - 0 runs, 1 hit, 0 errors, 2 left on base; University of North Carolina at Chapel Hill 3 - Fresno State University 5 |
| TOP OF THE 9TH |
|
University of North Carolina at Chapel Hill Tar Heels batting - Pitching for Fresno State University Bulldogs : LHP Randy Latendresse
|
|
Pitching: RHP Francisco Santos
|
|
|
Batting: RHB James Bickel
|
0-0: Ball 1-0: Foul Ball, location: 2F 1-1: Foul Ball, location: 2F 1-2: Foul Ball, location: 2F 1-2: Foul Ball, location: 2F 1-2: Foul Ball, location: 2F 1-2: SOLO HOME RUN (Flyball, 7D, EV 96.9 MPH), Distance : 366 ft
|
|
Batting: SHB Ryan Marsh
|
0-0: Ball 1-0: Foul Ball, location: 2F 1-1: Ball 2-1: Ball 3-1: Called Strike 3-2: Fly out, F6 (Popup, 6, EV 60.6 MPH)
|
|
Batting: RHB Jonathan Winkler
|
0-0: Ground out 4-3 (Groundball, 34, EV 100.0 MPH)
|
|
Batting: RHB Jeremy Rollins
|
0-0: Ball 1-0: Foul Ball, location: 2F 1-1: Ground out 5-3 (Groundball, 25, EV 83.8 MPH)
|
| Top of the 9th over - 1 run, 1 hit, 0 errors, 0 left on base; University of North Carolina at Chapel Hill 4 - Fresno State University 5 |
|